 Dungeon Crawl Stone Soup version 0.31-a0-702-gf82c85558f (webtiles) character file.

Game seed: 15441048962753271221

52 qw the Shooter (level 3, -7/23 HPs)
             Began as a Gargoyle Hunter on Sept 8, 2023.
             Mangled by Grinder (8 damage)
             ... while paralysed by Grinder
             ... on level 3 of the Dungeon.
             The game lasted 00:00:26 (1100 turns).

qw the Shooter (Gargoyle Hunter)                    Turns: 1100, Time: 00:00:26

Health: -7/23      AC:  8    Str: 14    XL:     3   Next: 85%
Magic:  3/3        EV:  2    Int:  9    God:
Gold:   98         SH:  0    Dex: 15    Spells: 2/2 levels left

rFire   . . .        Y - +0 shortbow
rCold   . . .        (shield currently unavailable)
rNeg    + . .        c - +0 leather armour
rPois   inf          d - +0 helmet
rElec   +            b - +0 cloak
rCorr   .            (no gloves)
SInv    .            (no boots)
Will    .....        (no amulet)
Stlth   ++           (no ring)
HPRegen 0.23/turn    (no ring)
MPRegen 0.08/turn

%: no passive effects
@: paralysed
A: sickness immunity, AC +3, negative energy resistance 1, electricity
resistance, torment resistance 1, petrification resistance
a: no special abilities


You were on level 3 of the Dungeon.
You visited 1 branch of the dungeon, and saw 3 of its levels.

You collected 98 gold pieces.


Innate Abilities, Weirdness & Mutations

You are immune to sickness and miasma.
Your stone body is resilient. (AC +3)
You are immune to poison.
You resist negative energy. (rN+)
You are resistant to electric shocks. (rElec)
You are resistant to unholy torment.
You are immune to petrification.


   Skills:
 - Level 3.0 Fighting
 - Level 5.0 Ranged Weapons
 + Level 0.1 Armour
 - Level 1.5 Dodging
 - Level 1.1 Stealth


You had 2 spell levels left.
You didn't know any spells.
Your spell library was empty.

Inventory:

Hand Weapons
 Y - a +0 shortbow (weapon)
Armour
 b - a +0 cloak (worn)
 c - a +0 leather armour (worn)
 d - a +0 helmet (worn)
Jewellery
 e - a ring of fire
Potions
 a - a potion of lignification {unknown}
 f - a potion of haste {unknown}
 g - a potion of resistance {unknown}
 h - a potion of brilliance {unknown}

Dungeon Overview and Level Annotations

Branches:
Dungeon (3/15)

Altars:

Shops:
D:2 :

Annotations:
D:3 Grinder


Message History

You climb upwards.
There is a stone staircase leading down here.
You start resting.
HP restored.
Done exploring.
What level of the Dungeon? (default 3, ? - help)
You climb downwards.
There is a stone staircase leading up here.
An endoplasm comes into view.
You shoot an arrow.
The arrow hits the endoplasm but does no damage.
You shoot an arrow. The arrow hits the endoplasm.
The endoplasm is heavily wounded.
You shoot an arrow.
The arrow hits the endoplasm but does no damage.
The endoplasm is heavily wounded.
You shoot an arrow. The arrow hits the endoplasm!
You kill the endoplasm!
Grinder comes into view.
You shoot an arrow. The arrow hits Grinder.
Grinder shouts!
Grinder is lightly wounded.
You shoot an arrow.
The arrow hits Grinder but does no damage.
Grinder is lightly wounded.
Grinder says, "You look like you could use a good racking."
Grinder hits you.
You shoot an arrow. The arrow closely misses Grinder.
Grinder completely misses you.
You shoot an arrow. The arrow barely misses Grinder.
Grinder barely misses you.
You shoot an arrow. The arrow hits Grinder.
Grinder is lightly wounded.
Grinder gestures at you.
You suddenly lose the ability to move!
Grinder hits you!
You writhe in agony.
Grinder hits you!
You writhe in agony.
Grinder hits you!
You die...
Grinder says, "Now the real fun starts!"

########
####......#
......###.#
####..###.#
##.....##.######
...%<..........#
####..###.####.###
#......#......#
>..#####.##.#@#
#.## # #.#5.....#
#.# #.........#
#.# ###......##
#.. #.#...##
..##.## ### .# .#


You could see Grinder.

Vanquished Creatures
  An adder (D:3)
  A worm (D:2)
  A dart slug (D:1)
  An orc (D:2)
  6 ball pythons
  3 endoplasms
  3 giant cockroaches (D:1)
  5 hobgoblins
  2 jackals (D:1)
  A quokka (D:1)
  A bat (D:1)
  2 goblins (D:1)
  3 kobolds (D:1)
  4 rats
34 creatures vanquished.

Notes
Turn   | Place    | Note
-------+----------+-------------------------------------------
     0 | D:1      | qw the Gargoyle Hunter began the quest for the Orb.
     0 | D:1      | Reached XP level 1. HP: 12/12 MP: 1/1
     0 | D:1      | 0 ||| qw: Version: 0.3-a-76-g4403597
     0 | D:1      | 0 ||| qw: Game counter: 1256
     0 | D:1      | 0 ||| qw: Melee chars always use a shield: true
     0 | D:1      | 0 ||| qw: God list: Okawaru
     0 | D:1      | 0 ||| qw: Allow faded altars: false
     0 | D:1      | 0 ||| qw: Do Orc after clearing Dungeon:15 true
     0 | D:1      | 0 ||| qw: Do second Lair branch before Depths: true
     0 | D:1      | 0 ||| qw: Lair rune preference: random
     0 | D:1      | 0 ||| qw: Goals: Normal
     0 | D:1      | 0 ||| PLANNING D:1-11
   110 | D:1      | Reached XP level 2. HP: 17/17 MP: 2/2
   433 | D:1      | Reached XP level 3. HP: 21/21 MP: 3/3
   445 | D:1      | Reached skill level 5 in Ranged Weapons
   516 | D:1      | 516 ||| UPGRADING to +0 helmet.
   521 | D:1      | 521 ||| DROPPING ring of magical power.
   522 | D:1      | 522 ||| READING scroll labelled HACHICH CAAHIB.
   523 | D:1      | 523 ||| DROPPING scroll of butterflies.
   588 | D:2      | Found Uqoeklod's Book Boutique.
  1037 | D:2      | 1037 ||| UPGRADING to +0 cloak.
  1056 | D:3      | Reached skill level 3 in Fighting
  1056 | D:3      | 1056 ||| STAIRDANCE
  1091 | D:3      | Noticed Grinder
  1097 | D:3      | Paralysed by Grinder for 4 turns
  1099 | D:3      | HP: 2/23 [Grinder (9)]
  1100 | D:3      | Mangled by Grinder

Levels and vault maps discovered:
D:1:      tarquinn_simple_flora_water_b, layout_basic
D:2:      layout_basic, serial_shops, shop
D:3:      layout_loops_cross, hellmonk_ecumenical_altar_slurped_away,
          uniq_grinder

Skill      XL: |  1  2  3 |
---------------+----------+-----
Ranged Weapons | 5 |  5.0
Fighting       | 3 |  3.0
Armour         | |  0.1
Dodging        | |  1.5
Stealth        | |  1.1

Action                     || total
---------------------------++-------
   Fire: Shortbow          ||   102
    Use: Scroll            ||     1
 Armour: Leather armour    ||    20
  Dodge: Dodged            ||    15

Table legend:
 A = Non-vault XP
 B = Vault XP
 C = Vault XP percentage of total XP
 D = Non-vault monster count
 E = Vault monster count
 F = Vault count percentage of total count
                 A         B        C        D         E       F
            +---------+---------+-------+---------+---------+-------
      Total |      75 |       0 |   0.0 |      34 |       0 |   0.0
            +---------+---------+-------+---------+---------+-------
        D:1 |      42 |       0 |   0.0 |      24 |       0 |   0.0
        D:2 |      18 |       0 |   0.0 |       8 |       0 |   0.0
        D:3 |      15 |       0 |   0.0 |       2 |       0 |   0.0
            +---------+---------+-------+---------+---------+-------
